 Dungeon Crawl Stone Soup version 0.20.0-14-g326068f (webtiles) character file.

5533 mopl the Covert (level 10, -1/60 HPs)
             Began as a Demonspawn Assassin on June 8, 2017.
             Was a Believer of Hepliaklqana.
             Slain by a wolf (4 damage)
             ... on level 1 of the Lair of Beasts.
             The game lasted 00:23:03 (13331 turns).

mopl the Covert (Demonspawn Assassin)              Turns: 13331, Time: 00:23:04

Health: -1/60      AC:  5    Str: 12    XL:     10   Next: 43%
Magic:  0/15       EV: 11    Int: 12    God:    Hepliaklqana [**....]
Gold:   27         SH:  0    Dex: 20    Spells: 9/9 levels left

rFire    . . .     SeeInvis .   a - +2 dagger
rCold    . . .     Gourm    .   (no shield)
rNeg     . . .     Faith    .   o - +0 troll leather armour
rPois    .         Spirit   +   (helmet restricted)
rElec    .         Reflect  .   d - +0 cloak
rCorr    .         Harm     .   (no gloves)
MR       .....                  (no boots)
Stlth    ++++++....             u - amulet of guardian spirit
Regen    0.6/turn               Z - ring of wizardry
MPRegen  0.2/turn               P - ring of stealth

@: no status effects
A: reduced essence, antennae 1, thin skeletal structure 1, demonic guardian 2,
rot immunity
a: Recall Ancestor, Ancestor Identity, Renounce Religion


You were on level 1 of the Lair of Beasts.
You worshipped Hepliaklqana.
Hepliaklqana was pleased with you.
You were not hungry.

You visited 3 branches of the dungeon, and saw 11 of its levels.
You also visited: Sewer.

You collected 396 gold pieces.
You spent 369 gold pieces at shops.

Inventory:

Hand Weapons
 a - a +2 dagger (weapon)
 b - a +0 blowgun
 Q - a +0 rapier
Missiles
 c - 5 javelins (quivered)
 e - 34 poisoned needles
 f - 2 curare-tipped needles
 G - 6 needles of sleeping
 X - 2 tomahawks
Armour
 d - a +0 cloak (worn)
 o - a +0 troll leather armour (worn)
Jewellery
 u - an amulet of guardian spirit (around neck)
 E - an uncursed ring of protection from fire
 P - a ring of stealth (right hand)
 T - an uncursed ring of protection from fire
 Z - a ring of wizardry (left hand)
Wands
 Y - a wand of confusion (29/48)
Scrolls
 i - 12 scrolls of identify
 n - 2 scrolls of recharging {unknown}
 p - a scroll of enchant weapon {unknown}
 q - 2 scrolls of blinking
 y - 12 scrolls of remove curse {unknown}
 z - a scroll of magic mapping {unknown}
 A - 2 scrolls of immolation
 B - a scroll of fear {unknown}
 C - 5 scrolls of teleportation {unknown}
 H - a scroll of enchant armour {unknown}
 R - a scroll of summoning
 V - a scroll of fog {unknown}
Potions
 j - 2 potions of brilliance {unknown}
 l - 2 potions of magic {unknown}
 m - a potion of resistance {unknown}
 r - 2 potions of ambrosia {unknown}
 t - 3 potions of curing {unknown}
 D - a potion of mutation {unknown}
 F - a potion of degeneration {unknown}
 I - a potion of invisibility {unknown}
 J - a potion of agility
 L - a potion of heal wounds {unknown}
 N - a potion of lignification {unknown}
 O - a potion of might {unknown}
 S - a potion of berserk rage {unknown}
 U - a potion of flight {unknown}
Comestibles
 g - 11 bread rations


   Skills:
 - Level 2.0 Fighting
 + Level 6.9 Short Blades
 + Level 6.9 Throwing
 - Level 0.8 Dodging
 * Level 10.9 Stealth
 + Level 7.2 Invocations


You had 9 spell levels left.
You didn't know any spells.

Dungeon Overview and Level Annotations

Branches:
Dungeon (9/15)             Temple (1/1) D:5            Lair (1/6) D:9
    Orc: D:9-12

Altars:
Ashenzari
Cheibriados
Dithmenos
Elyvilon
Fedhas
Gozag
Hepliaklqana
Kikubaaqudgha
Makhleb
Nemelex Xobeh
Okawaru
Qazlal
Ru
Sif Muna
Trog
Uskayaw
Vehumet
Xom
Yredelemnul
Zin
The Shining One

Shops:
D:7 ?   D:9 ==?

Annotations:
D:8 TheGamingCockatoo's ghost, novice MiBe


Innate Abilities, Weirdness & Mutations

You have a pair of small antennae on your head.
You have a somewhat thin skeletal structure. (Dex +2, Stealth)
A demonic guardian rushes to your aid.
You are immune to rotting.
Your life essence is reduced. (-10% HP)


Message History

A bullfrog comes into view.
Unknown command.
You hit the wolf.
The wolf is severely wounded.
The wolf bites your ice devil but does no damage. x2
The wolf bites you but does no damage. The wolf bites you.
* * * LOW HITPOINT WARNING * * *
The wolf barely misses your ice devil.
The wolf bites your ice devil but does no damage.
The bullfrog moves out of view.
The wolf bites you.
* * * LOW HITPOINT WARNING * * *
Unknown command.
Unknown command.
Okay, then.
You hit the wolf but do no damage.
The wolf is severely wounded.
The wolf misses your ice devil.
The wolf bites your ice devil but does no damage.
The wolf bites you.
You die...

..##.###'###........ .
##.##....###.. ..
###P.###...##..# ...
#....# #........ ....
##....###....P... .....
#......#P...##...
....hh♣♣#####..###...##...
....hhFh### #.## ... #...
!..hh4hhh@###'####... ###.
%...hh.h♣hh..........###..
........hh.3..............
........hh................
..........%...............
%.....%%..................
.%........................
......♣♣.#.#####.........
...% ..... .....###.


You could see 19 wolves, a bullfrog, a friendly ice devil and a friendly
sixfirhy.

Vanquished Creatures
  A two-headed ogre (D:8)
  A troll (D:9)
  A hippogriff (D:7)
  A spriggan (D:7)
  A porcupine (Lair:1)
  An orc warrior (D:7)
  3 ice beasts
  2 black bears (D:9)
  A sky beast (D:6)
  4 ogres
  A necrophage (D:7)
  3 centaurs
  8 bullfrogs
  A big kobold (D:8)
  A gnoll sergeant (D:9)
  A water moccasin skeleton (D:8)
  6 killer bees
  3 wights
  A crimson imp (D:6)
  A centaur zombie (D:5)
  3 bullfrog skeletons
  Crazy Yiuf (D:2)
  3 orc priests
  3 iguanas
  An orc wizard (D:4)
  4 worker ants
  2 hound zombies
  2 hound skeletons (D:7)
  Robin (D:1)
  4 gnolls
  11 adders
  3 shadow imps
  2 oozes
  2 adder skeletons
  4 worms
  2 dart slugs
  6 leopard geckos
  21 orcs
  14 giant cockroaches
  15 goblins
  11 hobgoblins
  17 jackals
  9 kobolds
  3 quokkas
  6 ball pythons
  12 bats
  8 frilled lizards
  A leopard gecko skeleton (D:5)
  A quokka zombie (D:7)
  8 rats
222 creatures vanquished.

Vanquished Creatures (collateral kills)
  A hippogriff (D:9)
  2 ice beasts
  A phantom (D:5)
  An orc warrior (D:9)
  2 centaurs
  3 wolves (Lair:1)
  A bullfrog (D:6)
  A scorpion (D:8)
  2 killer bees
  3 wights
  A howler monkey (D:4)
  A crimson imp (D:5)
  A jelly (D:7)
  An orc priest (D:5)
  An orc wizard (D:7)
  A centaur skeleton (D:8)
  An iguana (D:9)
  Terence (D:2)
  3 worker ants
  2 gnolls (D:9)
  A leopard gecko (D:5)
  An orc (D:9)
  A jackal (D:7)
  A bat (D:2)
34 creatures vanquished.

Vanquished Creatures (others)
  3 hexers
  5 ancestors
  4 toadstools (D:1)
12 creatures vanquished.

Grand Total: 268 creatures vanquished

Notes
Turn   | Place    | Note
-------+----------+-------------------------------------------
     0 | D:1      | mopl the Demonspawn Assassin began the quest for the Orb.
     0 | D:1      | Reached XP level 1. HP: 16/16 MP: 1/1
    48 | D:1      | Reached skill level 2 in Throwing
    48 | D:1      | Reached skill level 4 in Stealth
    48 | D:1      | Gained mutation: A weak demonic guardian rushes to your aid. [demonic ancestry]
    48 | D:1      | Reached XP level 2. HP: 18/22 MP: 2/2
   188 | D:1      | Reached skill level 2 in Short Blades
   371 | D:1      | Reached XP level 3. HP: 17/27 MP: 3/3
  1005 | D:2      | Noticed Robin
  1499 | D:1      | Killed Robin
  1562 | D:2      | Reached XP level 4. HP: 27/33 MP: 4/4
  1611 | D:2      | Noticed Terence
  1637 | D:2      | Killed Terence
  1889 | D:2      | Reached skill level 5 in Stealth
  2192 | D:2      | Found a runed door.
  2196 | D:2      | Noticed Crazy Yiuf
  2205 | D:2      | Killed Crazy Yiuf
  2205 | D:2      | Reached XP level 5. HP: 29/38 MP: 3/5
  2335 | D:3      | Found a blossoming altar of Fedhas.
  2367 | D:3      | Found an iron altar of Okawaru.
  2935 | D:4      | Reached skill level 3 in Throwing
  3415 | D:4      | Noticed an ogre
  3418 | D:4      | Killed an ogre
  3418 | D:4      | Reached skill level 3 in Short Blades
  3418 | D:4      | Reached skill level 6 in Stealth
  3418 | D:4      | Reached XP level 6. HP: 44/44 MP: 6/6
  4030 | D:5      | Entered Level 5 of the Dungeon
  4062 | D:5      | Found an opulent altar of Gozag.
  4294 | D:5      | Found a blossoming altar of Fedhas.
  4420 | D:5      | Gained mutation: You are immune to rotting. [demonic ancestry]
  4420 | D:5      | Reached XP level 7. HP: 25/50 MP: 5/7
  4440 | D:5      | Found a glowing drain.
  4577 | Sewer    | Entered a sewer
  5043 | Sewer    | Reached skill level 4 in Throwing
  5043 | Sewer    | Reached skill level 7 in Stealth
  5100 | Sewer    | Reached skill level 4 in Short Blades
  5495 | D:5      | Found a staircase to the Ecumenical Temple.
  5520 | Temple   | Entered the Ecumenical Temple
  5573 | Temple   | Became a worshipper of Hepliaklqana the Forgotten
  5684 | D:5      | Reached skill level 1 in Invocations
  5726 | D:5      | HP: 2/45 [orc priest/divine providence (10)]
  6378 | D:4      | Gained mutation: You have a pair of small antennae on your head. [demonic ancestry]
  6378 | D:4      | Reached XP level 8. HP: 25/50 MP: 9/9
  6975 | D:6      | Reached skill level 2 in Invocations
  7442 | D:6      | Reached skill level 8 in Stealth
  7541 | D:6      | Reached skill level 3 in Invocations
  7899 | D:6      | Found a shimmering altar of Xom.
  8171 | D:7      | Reached skill level 5 in Short Blades
  8199 | D:7      | Reached * piety under Hepliaklqana
  8271 | D:7      | Reached skill level 5 in Throwing
  8388 | D:7      | Found Bamoprox's Magic Scroll Boutique.
  8403 | D:7      | Bought a scroll of blinking for 97 gold pieces
  8403 | D:7      | Bought a scroll of identify for 26 gold pieces
  8403 | D:7      | Bought a scroll of immolation for 45 gold pieces
  8403 | D:7      | Bought a scroll of summoning for 123 gold pieces
  8432 | D:7      | Reached skill level 4 in Invocations
  8611 | D:7      | Reached skill level 9 in Stealth
  8611 | D:7      | Gained mutation: You have a somewhat thin skeletal structure. (Dex +2, Stealth) [demonic ancestry]
  8611 | D:7      | Reached XP level 9. HP: 54/54 MP: 12/12
  9280 | D:7      | Reached skill level 5 in Invocations
  9437 | D:8      | Noticed TheGamingCockatoo's ghost (novice MiBe)
  9753 | D:8      | Noticed a two-headed ogre
  9767 | D:8      | Killed a two-headed ogre
  9767 | D:8      | Reached skill level 6 in Short Blades
  9788 | D:8      | Reached ** piety under Hepliaklqana
  9789 | D:8      | Remembered your ancestor Synnove as a hexer
  9821 | D:8      | Reached skill level 6 in Invocations
  9840 | D:7      | Reached skill level 6 in Throwing
  9840 | D:7      | Reached skill level 10 in Stealth
 10354 | D:8      | Found an opulent altar of Gozag.
 11470 | D:8      | Gained mutation: A demonic guardian rushes to your aid. [demonic ancestry]
 11470 | D:8      | Reached XP level 10. HP: 39/60 MP: 13/14
 11706 | D:9      | Found Delut's Jewellery Boutique.
 11785 | D:9      | Found Valafywn's Jewellery Boutique.
 11788 | D:9      | Bought a cursed amulet of inaccuracy for 24 gold pieces
 11788 | D:9      | Bought a cursed ring of loudness for 54 gold pieces
 12365 | D:9      | Found Koato's Magic Scroll Shop.
 12949 | D:9      | Found a basalt altar of Yredelemnul.
 12950 | D:9      | Found a glowing golden altar of the Shining One.
 12952 | D:9      | Found a deep blue altar of Sif Muna.
 13070 | D:9      | Reached skill level 7 in Invocations
 13149 | D:9      | Found a staircase to the Lair.
 13159 | Lair:1   | Entered Level 1 of the Lair of Beasts
 13323 | Lair:1   | Noticed a spiny frog
 13330 | Lair:1   | HP: 2/60 [wolf (2)]
 13331 | Lair:1   | Slain by a wolf

Skill      XL: |  1  2  3  4  5  6  7  8  9 10 |
---------------+-------------------------------+-----
Throwing       | 2 3 4 5 6 |  6.9
Stealth        | 4 5 6 7 9 10 | 10.9
Short Blades   | 2 3 4 5 6 |  6.9
Invocations    | 1 4 6 7 |  7.2
Fighting       | |  2.0
Dodging        | |  0.8

Action                   |  1- 3 |  4- 6 |  7- 9 | 10-12 || total
-------------------------+-------+-------+-------+-------++-------
Melee: Dagger            |   134 |   288 |   587 |   192 ||  1201
       Quarterstaff      |       |       |     5 |       ||     5
 Fire: Blowgun           |    14 |    32 |    23 |       ||    69
       Hunting sling     |       |     8 |    10 |       ||    18
Throw: Stone             |       |       |     4 |       ||     4
Invok: Recall Ancestor   |       |       |     4 |     3 ||     7
       Ancestor Life: He |       |       |     1 |       ||     1
 Stab: Sleeping          |     6 |    11 |    25 |     2 ||    44
       Distracted        |       |       |     3 |     6 ||     9
       Confused          |       |       |     2 |     3 ||     5
  Eat: Chunk             |     2 |     8 |    17 |     6 ||    33
       Fruit             |       |     2 |     2 |       ||     4
       Royal jelly       |       |       |     2 |       ||     2
Armor: Robe              |    31 |       |       |       ||    31
       Animal skin       |     3 |    82 |   107 |    22 ||   214
       Troll leather arm |       |       |       |     9 ||     9
Dodge: Dodged            |    79 |   139 |   318 |    84 ||   620
